 Dungeon Crawl Stone Soup version 0.18.1-50-g88ac8fd (webtiles) character file.

126 Amnesiac the Cutter (level 4, 0/40 HPs)
             Began as a Deep Elf Fighter on Mar 2, 2018.
             Succumbed to an orc's poison
             ... on level 3 of the Dungeon.
             The game lasted 00:03:08 (1071 turns).

Amnesiac the Cutter (Deep Elf Fighter)              Turns: 1071, Time: 00:03:08

Health: 0/40       AC: 22    Str: 14    XL:     4   Next: 84%
Magic:  6/6        EV:  2    Int: 13    God:
Gold:   34         SH:  8    Dex: 14    Spells: 0 memorised, 3 levels left

rFire  . . .     SeeInvis .     a - +0 rapier
rCold  . . .     Gourm    .     (armour currently unavailable)
rNeg   + + +     Faith    .     c - +0 shield
rPois  +         Spirit   .     (helmet currently unavailable)
rElec  .         Dismiss  .     (cloak currently unavailable)
rCorr  .         Reflect  .     (gloves currently unavailable)
SustAt .         Harm     .     (boots currently unavailable)
MR     .....     NoTele   +     (no amulet)
Stlth  +.........               (no ring)
                                (no ring)

@: lethally poisoned (0 -> -3), tree-form (expiring), not resistant to hostile
enchantments, very unstealthy
A: no striking features
a: no special abilities


You were on level 3 of the Dungeon.
You were not hungry.
You were a tree.
You visited 1 branch of the dungeon, and saw 3 of its levels.

You collected 34 gold pieces.

Inventory:

Hand Weapons
 a - a +0 rapier (weapon)
Missiles
 e - 16 poisoned needles
 j - a throwing net (quivered)
Armour
 b - a +0 scale mail (melded)
 c - a +0 shield (worn)
Scrolls
 h - a scroll of noise {!r, unknown}
 i - 2 scrolls of remove curse {!r, unknown}
 k - a scroll of amnesia {!r, unknown}
 m - a scroll of identify {!r, unknown}
Comestibles
 f - a bread ration
 g - a slice of pizza
 l - 6 chunks of flesh


   Skills:
 + Level 2.4 Fighting
 - Level 5.1 Short Blades
 - Level 2.4 Armour
 - Level 2.4 Shields


You had 3 spell levels left.
You didn't know any spells.

Dungeon Overview and Level Annotations

Branches:
Dungeon (3/15)

Altars:


Message History

What do you say? t - Creak!
Orders for allies: a - Attack new target. r - Retreat! s - Stop attacking. w - Wait here. f - Follow me.
Anything else - Stay silent.
You creak for attention!
What do you say? t - Creak!
Orders for allies: a - Attack new target. r - Retreat! s - Stop attacking. w - Wait here. f - Follow me.
Anything else - Stay silent.
You creak for attention!
* * * LOW HITPOINT WARNING * * *
You feel sick. What do you say? t - Creak!
Orders for allies: a - Attack new target. r - Retreat! s - Stop attacking. w - Wait here. f - Follow me.
Anything else - Stay silent.
You creak for attention!
What do you say? t - Creak!
Orders for allies: a - Attack new target. r - Retreat! s - Stop attacking. w - Wait here. f - Follow me.
Anything else - Stay silent.
You creak for attention!
* * * LOW HITPOINT WARNING * * *
You feel sick. What do you say? t - Creak!
Orders for allies: a - Attack new target. r - Retreat! s - Stop attacking. w - Wait here. f - Follow me.
Anything else - Stay silent.
You creak for attention!
What do you say? t - Creak!
Orders for allies: a - Attack new target. r - Retreat! s - Stop attacking. w - Wait here. f - Follow me.
Anything else - Stay silent.
You creak for attention!
Your transformation is almost over.
* * * LOW HITPOINT WARNING * * *
You feel sick. What do you say? t - Creak!
Orders for allies: a - Attack new target. r - Retreat! s - Stop attacking. w - Wait here. f - Follow me.
Anything else - Stay silent.
You creak for attention!
What do you say? t - Creak!
Orders for allies: a - Attack new target. r - Retreat! s - Stop attacking. w - Wait here. f - Follow me.
Anything else - Stay silent.
You creak for attention!
You die... .< ... .... .?# ### boo

#(#
#.##♣#
#>..)#
#.#..#
# #(.#
##(#
#.#
#.##
#..#
#..#


There were no monsters in sight!

Vanquished Creatures
  An orc priest (D:3)
  An orc wizard (D:3)
  An adder (D:2)
  An ooze (D:3)
  2 worms
  A dart slug (D:1)
  7 orcs (D:3)
  A giant cockroach (D:3)
  2 goblins
  A hobgoblin (D:3)
  7 jackals (D:3)
  2 kobolds
  A quokka (D:2)
  6 bats
  A giant newt (D:1)
  8 rats
43 creatures vanquished.

Notes
Turn   | Place    | Note
--------------------------------------------------------------
     0 | D:1      | Amnesiac the Deep Elf Fighter began the quest for the Orb.
     0 | D:1      | Reached XP level 1. HP: 13/13 MP: 3/3
   278 | D:1      | Reached XP level 2. HP: 17/18 MP: 4/4
   453 | D:2      | Reached skill level 3 in Short Blades
   584 | D:3      | Reached XP level 3. HP: 21/22 MP: 5/5
   919 | D:3      | Reached skill level 4 in Short Blades
   928 | D:3      | Reached XP level 4. HP: 7/27 MP: 6/6
   935 | D:3      | Reached skill level 5 in Short Blades
   936 | D:3      | HP: 1/27 [jackal (2)]
  1065 | D:3      | HP: 2/40 [poisoned by an orc]
  1071 | D:3      | Succumbed to an orc's poison

Skill      XL: |  1  2  3  4 |
---------------+-------------+-----
Short Blades   | 3 4 5 |  5.1
Fighting       | |  2.4
Armour         | |  2.4
Shields        | |  2.4

Action                   |  1- 3 |  4- 6 || total
-------------------------+-------+-------++-------
Melee: Rapier            |   139 |    37 ||   176
  Use: Potion            |     1 |     3 ||     4
  Eat: Chunk             |       |     1 ||     1
Armor: Scale mail        |    60 |    12 ||    72
Dodge: Dodged            |    28 |     5 ||    33
Block: Shield            |    77 |    12 ||    89
